 Dungeon Crawl Stone Soup version 0.22-a0-398-g8bb545f033 (webtiles) character file.

461 kmenux the Thaumaturge (level 6, -6/32 HPs)
             Began as a Deep Elf Wizard on May 5, 2018.
             Shot with an arrow by a centaur (17 damage)
             ... on level 5 of the Dungeon.
             The game lasted 00:23:47 (5115 turns).

kmenux the Thaumaturge (Deep Elf Wizard)            Turns: 5115, Time: 00:23:48

Health: -6/32      AC:  3    Str:  4    XL:     6   Next: 79%
Magic:  13/20      EV: 12    Int: 25    God:
Gold:   218        SH:  0    Dex: 18    Spells: 20/23 levels left

rFire    . . .     SeeInvis .   s - +4 trident of Sorhun {pierce, MR- Dex+5}
rCold    . . .     Gourm    .   (no shield)
rNeg     . . .     Faith    .   a - +0 robe
rPois    +         Spirit   .   b - +0 hat
rElec    .         Reflect  .   (no cloak)
rCorr    .         Harm     .   (no gloves)
MR       .....                  k - +0 pair of boots
Stlth    +.........             l - amulet of the acrobat
HPRegen  0.00/turn              j - ring of loudness (curse)
MPRegen  0.17/turn              z - ring of poison resistance

@: lethally poisoned (-6 -> -10), very slightly contaminated, heavily drained
A: sense surroundings 1, inhibited regeneration
a: no special abilities


You were on level 5 of the Dungeon.
You were not hungry.

You visited 1 branch of the dungeon, and saw 5 of its levels.

You collected 218 gold pieces.

Inventory:

Hand Weapons
 s - the +4 trident of Sorhun (weapon) {pierce, MR- Dex+5}
   (You found it on level 4 of the Dungeon)

   It inflicts extra damage upon your enemies.
   It affects your dexterity (+5).
   It affects your resistance to hostile enchantments.
Armour
 a - a +0 robe (worn)
 b - a +0 hat (worn)
 k - a +0 pair of boots (worn)
Jewellery
 j - a cursed ring of loudness (left hand)
 l - an amulet of the acrobat (around neck)
 q - an uncursed amulet of harm
 u - a +4 ring of strength
 z - a ring of poison resistance (right hand)
Scrolls
 f - a scroll of identify
 g - a scroll of fear
 i - a scroll of blinking {unknown}
 m - 3 scrolls of amnesia {unknown}
 o - a scroll of enchant weapon {unknown}
 r - a scroll of enchant armour {unknown}
 v - 2 scrolls of remove curse
 y - a scroll of fog {unknown}
 A - a scroll of teleportation {unknown}
Potions
 c - 3 potions of heal wounds
 e - 3 potions of agility
 h - a potion of mutation
 n - 2 potions of curing
 t - a potion of haste {unknown}
 w - 2 potions of brilliance {unknown}
 x - a potion of degeneration {unknown}
Comestibles
 d - 8 rations


   Skills:
 - Level 2.4(0.8) Dodging
 - Level 2.4(0.8) Stealth
 + Level 9.4(7.5) Spellcasting
 - Level 3.5(1.9) Conjurations
 - Level 1.1(0.0) Summonings
   Level 1.1(0.0) Translocations


You had 20 spell levels left.
You knew the following spells:

 Your Spells              Type           Power        Failure   Level  Hunger
a - Magic Dart            Conj           ###.         2%          1    None
b - Call Imp              Summ           #.......     10%         2    None


Dungeon Overview and Level Annotations

Branches:
Dungeon (5/15)
 Temple: D:4-7

Altars:
Ashenzari


Innate Abilities, Weirdness & Mutations

You passively map a small area around you.
You do not regenerate when monsters are visible.


Message History

The arrow barely misses you.
Casting: Magic Dart (safe; 2% risk of failure)
Confirm with . or Enter, or press ? or * to list all spells.
Aiming: Magic Dart (safe; 2% risk of failure)
Press: ? - help, Shift-Dir - straight line, f/p - centaur
Aim: a centaur, wielding a shortbow The magic dart hits the centaur.
The centaur is lightly wounded.
The centaur shoots an arrow.
The arrow hits you.
Casting: Magic Dart (safe; 2% risk of failure)
Confirm with . or Enter, or press ? or * to list all spells.
Aiming: Magic Dart (safe; 2% risk of failure)
Press: ? - help, Shift-Dir - straight line, f/p - centaur
Aim: a centaur, wielding a shortbow (lightly wounded)
The magic dart hits the centaur.
The centaur is lightly wounded.
You feel sick.
The centaur shoots an arrow.
The arrow hits you!
The centaur shoots an arrow.
The arrow hits you!
Ouch! That really hurt!
You die...

* * , , ,
######* , ,
* * #....##
# #.....# *
#., #...(. *
, ,
...#####....
,,
#.........#
, * *
#........# *
* #
#......@.# ,
,, ..## *
#......5(# ,
*.... ,
..[...##5#*
* + ..#. *
....c. #.# ,
,* *....
##+##* #.#
,* #.#. #.#
##### ....
#.## ....# *
#.. ,
#..#####.# ,
+.. , *
###....#.# *
*#..


You could see a centaur, a friendly crimson imp and a friendly white imp.

Vanquished Creatures
  A phantom (D:4)
  An orc priest (D:4)
  Jessica (D:2)
  An orc wizard (D:4)
  2 adders
  2 oozes
  3 worms
  3 dart slugs
  2 leopard geckos
  3 orcs
  2 goblins
  7 hobgoblins
  3 jackals
  2 quokkas
  A ball python skeleton (D:4)
  9 bats
  13 frilled lizards
  11 kobolds
  10 rats
77 creatures vanquished.

Vanquished Creatures (collateral kills)
  A sky beast (D:4)
  An orc priest (D:4)
  An orc wizard (D:4)
  An iguana (D:4)
  2 worker ants (D:5)
  3 adders
  A river rat (D:4)
  An ooze (D:2)
  A dart slug (D:2)
  A leopard gecko (D:2)
  5 orcs
  3 giant cockroaches
  3 goblins
  2 hobgoblins (D:2)
  A jackal (D:3)
  2 kobolds
  A ball python (D:4)
  A bat (D:2)
  2 frilled lizards (D:2)
  A rat (D:2)
34 creatures vanquished.

Grand Total: 111 creatures vanquished

Notes
Turn   | Place    | Note
-------+----------+-------------------------------------------
     0 | D:1      | kmenux the Deep Elf Wizard began the quest for the Orb.
     0 | D:1      | Reached XP level 1. HP: 10/10 MP: 7/7
   188 | D:1      | Reached XP level 2. HP: 14/15 MP: 4/9
   349 | D:1      | Reached skill level 5 in Spellcasting
   532 | D:1      | Reached XP level 3. HP: 16/19 MP: 4/11
  1101 | D:1      | Learned a level 2 spell: Call Imp
  1188 | D:2      | Gained mutation: You do not regenerate when monsters are visible. [potion of mutation]
  1188 | D:2      | Gained mutation: You passively map a small area around you. [potion of mutation]
  1246 | D:2      | Noticed Jessica
  1251 | D:2      | Killed Jessica
  1251 | D:2      | Reached XP level 4. HP: 21/24 MP: 9/13
  1402 | D:2      | Reached skill level 6 in Spellcasting
  1868 | D:3      | Reached XP level 5. HP: 25/28 MP: 3/16
  2120 | D:4      | Got a crystal trident
  2122 | D:4      | Identified the +4 trident of Sorhun {pierce, MR- Dex+5} (You found it on level 4 of the Dungeon)
  2364 | D:4      | Reached skill level 7 in Spellcasting
  2395 | D:4      | Noticed a sky beast
  2423 | D:4      | Killed a sky beast
  2424 | D:4      | Reached skill level 8 in Spellcasting
  2424 | D:4      | Reached XP level 6. HP: 20/32 MP: 1/19
  2501 | D:4      | Found a shattered altar of Ashenzari.
  2548 | D:4      | Noticed a two-headed ogre
  2886 | D:5      | Entered Level 5 of the Dungeon
  3440 | D:3      | You fall through a shaft for 2 floors!
  4784 | D:4      | Reached skill level 9 in Spellcasting
  5115 | D:5      | Shot with an arrow by a centaur

Vault maps used:
D:1:      evilmike_arrival_fibonacci_small, minmay_lizard_pond
D:2:      minmay_pentomino_o2, uniq_jessica
D:4:      portal_sewer_entry_b, minmay_ruined_shrine
D:5:      first_ration, basic_altar, serial_co_window_serial,
          co_window_corner_a, co_window_corner_a, co_window_paths_b,
          co_window_paths_b, co_window_paths_a, co_window_corner_a,
          co_window_2corner, co_window_corner_cb, co_window_paths_c,
          co_window_unsneaky_path_a, co_window_4corner_b, co_window_sun,
          glass_columns_a, glass_columns_b, glass_columns_a, glass_columns_b

Skill      XL: |  1  2  3  4  5  6 |
---------------+-------------------+-----
Conjurations   | 2 3 |  3.5
Spellcasting   | 5 6 8 9 |  9.4
Dodging        | |  2.4
Stealth        | |  2.4
Summonings     | |  1.1
Translocations | |  1.1

Action                   |  1- 3 |  4- 6 || total
-------------------------+-------+-------++-------
Melee: Unarmed           |    23 |     1 ||    24
       Trident           |       |    14 ||    14
 Cast: Magic Dart        |    88 |   128 ||   216
       Call Imp          |     2 |    42 ||    44
  Use: Potion            |     2 |       ||     2
       Scroll            |       |     4 ||     4
 Stab: Distracted        |       |     1 ||     1
  Eat: Chunk             |     1 |     2 ||     3
       Ration            |       |     3 ||     3
Armor: Robe              |     8 |    12 ||    20
Dodge: Dodged            |    48 |    67 ||   115

Table legend:
 A = Spawn XP
 B = Non-spawn XP
 C = Spawn XP percentage of total XP
 D = Spawn monster count
 E = Non-spawn monster count
 F = Spawn count percentage of total count
 G = Total turns spent on level
                    A         B        C        D         E        F      G
               +---------+---------+-------+---------+---------+-------+---------
         Total |       0 |     659 |   0.0 |       0 |     111 |   0.0 |  5115
               +---------+---------+-------+---------+---------+-------+---------
           D:1 |       0 |      61 |   0.0 |       0 |      38 |   0.0 |  1157
           D:2 |       0 |     113 |   0.0 |       0 |      30 |   0.0 |   631
           D:3 |       0 |      63 |   0.0 |       0 |      20 |   0.0 |  1611
           D:4 |       0 |     384 |   0.0 |       0 |      20 |   0.0 |  1497
           D:5 |       0 |      38 |   0.0 |       0 |       3 |   0.0 |   219
               +---------+---------+-------+---------+---------+-------+---------
